 Dungeon Crawl Stone Soup version 0.29.1-13-g9f3cf754e1 (webtiles) character file.

Game seed: 14686299486280110489

234 tesmudgin the Chopper (level 5, -9/47 HPs)
             Began as a Minotaur Fighter on Jan 21, 2023.
             Killed by divine providence
             ... invoked by an orc priest
              (13 damage)
             ... on level 3 of the Dungeon on Jan 24, 2023.
             The game lasted 00:10:26 (2437 turns).

tesmudgin the Chopper (Minotaur Fighter)            Turns: 2437, Time: 00:10:27

Health: -9/47      AC:  7    Str: 22    XL:     5   Next: 75%
Magic:  4/4        EV:  9    Int:  5    God:
Gold:   124        SH:  4    Dex: 10    Spells: 4/4 levels left

rFire   . . .      SeeInvis .   a - +0 war axe
rCold   . . .      Faith    .   c - +0 buckler
rNeg    . . .      Spirit   .   b - +0 scale mail
rPois   .          Reflect  .   (helmet restricted)
rElec   .          Harm     .   (no cloak)
rCorr   .          Rampage  .   (no gloves)
Will    .....                   (no boots)
Stlth   ..........              (no amulet)
HPRegen 0.15/turn               (no ring)
MPRegen 0.09/turn               (no ring)

@: no status effects
A: horns 2, retaliatory headbutt
a: no special abilities


You were on level 3 of the Dungeon.
You visited 1 branch of the dungeon, and saw 3 of its levels.

You collected 124 gold pieces.

Inventory:

Hand Weapons
 a - a +0 war axe (weapon)
Armour
 b - a +0 scale mail (worn)
 c - a +0 buckler (worn)
Jewellery
 l - a ring of positive energy
 t - a +6 ring of strength
Scrolls
 e - 5 scrolls of identify {unknown}
 f - 3 scrolls of teleportation {unknown}
 h - a scroll of butterflies {unknown}
 i - 2 scrolls of blinking {unknown}
 k - 3 scrolls of immolation {unknown}
 m - a scroll of summoning {unknown}
 o - a scroll of fear {unknown}
 q - a scroll of silence {unknown}
Potions
 d - 2 potions of might
 g - a potion of curing {unknown}
 j - a potion of ambrosia {unknown}
 n - 2 potions of lignification {unknown}
 p - a potion of flight {unknown}
 r - a potion of degeneration {unknown}
 s - a potion of brilliance {unknown}


   Skills:
 + Level 4.5 Fighting
 + Level 5.5 Axes
 + Level 4.9 Armour
 + Level 0.7 Dodging
 + Level 0.2 Stealth
 + Level 4.0 Shields


You had 4 spell levels left.
You didn't know any spells.
Your spell library contained the following spells:

 Spells                   Type           Power      Damage    Failure   Level
 Sandblast                Erth           0%         2d4       86%         1
 Passwall                 Tmut/Erth      0%         N/A       95%         2
 Stone Arrow              Conj/Erth      0%         3d7       99%         3


Dungeon Overview and Level Annotations

Branches:
Dungeon (3/15)

Altars:


Innate Abilities, Weirdness & Mutations

You have a pair of horns on your head.
You reflexively headbutt those who attack you in melee.


Message History

The hobgoblin shouts!
The hobgoblin hits you.
You see here 5 gold pieces.
You open the door.
An orc and an orc priest come into view.
The orc shouts!
The orc priest shouts!
You hear a shout! x2
The orc priest mumbles some strange prayers to Beogh against you.
Pain shoots through your body! The hobgoblin hits you.
You hear a shout!
You slash the hobgoblin!
You kill the hobgoblin!
You barely miss the orc. You slash the orc!
You kill the orc!
An orc wizard comes into view. It is wielding a +0 dagger.
The orc priest invokes the aid of Beogh against you.
Pain shoots through your body!
An orc priest comes into view. It is wielding a +0 flail.
Things that are here:
a +0 flail; a +0 chain mail; an orc corpse The orc wizard hits you with a +0 dagger.
The orc priest calls down the wrath of Beogh upon you.
Beogh smites you!
There is an open door here.
You slash the orc priest!
You kill the orc priest!
You barely miss the orc wizard.
You hit the orc priest but do no damage.
The orc priest mumbles some strange prayers to Beogh against you.
Beogh smites you!
* * * LOW HITPOINT WARNING * * *
The orc wizard barely misses you.
You closely miss the orc wizard. You slash the orc priest!
The orc priest completely misses you.
The orc wizard hits you but does no damage.
You closely miss the orc wizard. Your headbutt misses the orc wizard.
You closely miss the orc priest.
The orc priest mumbles some strange prayers to Beogh against you.
Beogh smites you!
You die...

#####.... #.
########. #.
#........ #.
#.####### #.
#.# #.#######
#.# #.#.....#
#.#
#o#.....###.#
#o@)........#
###)....#####
#.....#
#.....#
#.....#
.......#
#########


You could see an orc priest and an orc wizard.

Vanquished Creatures
  A jelly (D:3)
  An orc priest (D:3)
  3 orc wizards (D:3)
  4 adders
  2 worms (D:2)
  2 orcs (D:3)
  7 endoplasms
  3 giant cockroaches (D:1)
  5 goblins
  6 hobgoblins
  3 quokkas
  5 ball pythons
  3 bats
  7 frilled lizards
  5 kobolds
  3 rats
60 creatures vanquished.

Notes
Turn   | Place    | Note
-------+----------+-------------------------------------------
     0 | D:1      | tesmudgin the Minotaur Fighter began the quest for the Orb.
     0 | D:1      | Reached XP level 1. HP: 19/19 MP: 0/0
   222 | D:1      | Reached XP level 2. HP: 26/27 MP: 1/1
   546 | D:1      | Reached skill level 3 in Axes
   991 | D:2      | Reached XP level 3. HP: 22/33 MP: 2/2
  1630 | D:2      | Reached skill level 4 in Axes
  1720 | D:3      | Reached XP level 4. HP: 40/40 MP: 3/3
  2002 | D:3      | Reached XP level 5. HP: 26/46 MP: 4/4
  2003 | D:3      | Reached skill level 5 in Axes
  2257 | D:3      | Found a faded altar of an unknown god.
  2437 | D:3      | Killed from afar by an orc priest

Illustrated notes

Levels and vault maps discovered:
D:1:      dpeg_arrival_houses_and_road, layout_loops_ring,
          wander_ebering_terrifying_dragon_lair
D:2:      layout_basic, minmay_misc_feat_hallway, nicolae_wormholes
D:3:      layout_basic, portal_sewer_entry_e, ebering_ecumenical_altar_hall

Skill      XL: |  1  2  3  4  5 |
---------------+----------------+-----
Axes           | 3 4 5 |  5.5
Fighting       | 4 |  4.5
Armour         | 4 |  4.9
Shields        | 4 |  4.0
Dodging        | |  0.7
Stealth        | |  0.2

Action                   |  1- 3 |  4- 6 || total
-------------------------+-------+-------++-------
Melee: War axe           |    79 |    39 ||   118
       Headbutt          |    14 |     3 ||    17
Armor: Scale mail        |    55 |    30 ||    85
Dodge: Dodged            |    34 |    20 ||    54
Block: Buckler           |    21 |     7 ||    28
